 Dungeon Crawl Stone Soup version 0.28.0-49-g6dfe1f597d (webtiles) character file.

Game seed: 1252274327164806636

61 bnorton916 the Magician (level 3, 0/19 HPs)
             Began as a Deep Elf Fire Elementalist on May 15, 2022.
             Slain by a killer bee (1 damage)
             ... on level 4 of the Dungeon.
             The game lasted 00:02:24 (2427 turns).

bnorton916 the Magician (DEFE)                      Turns: 2427, Time: 00:02:25

Health: 0/19       AC:  2    Str:  5    XL:     3   Next: 83%
Magic:  7/10       EV: 12    Int: 21    God:
Gold:   42         SH:  0    Dex: 15    Spells: 7/10 levels left

rFire   . . .      SeeInvis .   (no weapon)
rCold   . . .      Faith    .   (no shield)
rNeg    . . .      Spirit   .   a - +0 robe
rPois   .          Reflect  .   (no helmet)
rElec   .          Harm     .   (no cloak)
rCorr   .          Rampage  .   (no gloves)
Will    .....                   (no boots)
Stlth   ++........              (no amulet)
HPRegen 0.06/turn               (no ring)
MPRegen 0.12/turn               (no ring)

@: lethally poisoned (0 -> -19)
A: no striking features
a: no special abilities


You were on level 4 of the Dungeon.
You visited 1 branch of the dungeon, and saw 3 of its levels.

You collected 42 gold pieces.

Inventory:

Armour
 a - a +0 robe (worn)
Scrolls
 b - 3 scrolls of identify {unknown}
 c - a scroll of immolation {unknown}
 d - a scroll of vulnerability {unknown}
Potions
 e - a potion of invisibility {unknown}
 f - a potion of curing {unknown}


   Skills:
 - Level 2.4 Dodging
 - Level 2.4 Stealth
 + Level 4.1 Spellcasting
 + Level 2.5 Conjurations
 + Level 4.0 Fire Magic


You had 7 spell levels left.
You knew the following spells:

 Your Spells              Type           Power      Damage    Failure   Level
a - Foxfire               Conj/Fire      72%        2x1d7     3%          1
b - Scorch                Fire           42%        2d7       3%          2

Your spell library contained the following spells:

 Spells                   Type           Power      Damage    Failure   Level
 Conjure Flame            Conj/Fire      18%        6-21      10%         3
 Animate Skeleton         Necr           8%         N/A       12%         1
 Pain                     Necr           16%        1d4       12%         1
 Inner Flame              Hex/Fire       12%        N/A       16%         3
 Corpse Rot               Necr/Air       8%         N/A       19%         2
 Poisonous Vapours        Pois/Air       8%         N/A       19%         2
 Flame Wave               Conj/Fire      18%        2d6       30%         4
 Vampiric Draining        Necr           4%         2d6       34%         3


Dungeon Overview and Level Annotations

Branches:
Dungeon (2/15)

Altars:

Shops:
D:1 [!   D:2 [


Message History

The foxfire hits the goblin.
You kill the goblin!
Your foxfire dissipates!
A sourceless malevolence fills the Dungeon...
You fall into a shaft and drop 2 floors!
The shaft crumbles and collapses. 2 killer bees come into view.
The killer bee buzzes angrily.
You hear an angry buzzing noise.
Found 24 stones and 12 arrows.
Casting: Foxfire (safe; 3% risk of failure)
Confirm with . or Enter, or press ? or * to list all spells.
You conjure some foxfire!
A killer bee comes into view. x2
The killer bee moves out of view.
The foxfire hits the killer bee.
The killer bee is moderately wounded.
The foxfire hits the killer bee.
The killer bee is heavily wounded.
A killer bee comes into view.
Casting: Foxfire (safe; 3% risk of failure)
Confirm with . or Enter, or press ? or * to list all spells.
You conjure some foxfire!
The killer bee buzzes angrily.
You hear a shout!
The foxfire hits the killer bee.
The killer bee is severely wounded.
The killer bee stings you.
You are poisoned.
The killer bee poisons you!
A killer bee comes into view.
You feel very sick.
The killer bee buzzes angrily.
The foxfire hits the killer bee.
The killer bee is almost dead.
The killer bee stings you!
* * * LOW HITPOINT WARNING * * *
The killer bee stings you.
* * * LOW HITPOINT WARNING * * *
You are more poisoned.
The killer bee poisons you! The killer bee stings you.
You die...

.. .#. .. #...
.### #.... . #
... ..... ..#.
..##......
.....#..#......
.......ยงยง....#
.......@.#
......yy.#
.....y....(
#...y........
###.....#..(.#
...y####.....#
...y. ......
###.. ......


You could see 6 killer bees.

Vanquished Creatures
  2 adders (D:2)
  A worm (D:2)
  5 bats
  3 endoplasms (D:1)
  2 giant cockroaches (D:1)
  2 goblins
  2 hobgoblins
  3 jackals (D:2)
  3 quokkas (D:1)
  3 ball pythons (D:2)
  5 frilled lizards
  4 kobolds
  3 rats (D:1)
38 creatures vanquished.

Vanquished Creatures (others)
  139 foxfires
139 creatures vanquished.

Grand Total: 177 creatures vanquished

Notes
Turn   | Place    | Note
-------+----------+-------------------------------------------
     0 | D:1      | bnorton916 the Deep Elf Fire Elementalist began the quest
                  | for the Orb.
     0 | D:1      | Reached XP level 1. HP: 10/10 MP: 6/6
   201 | D:1      | Found Boduxast's Antique Armour Boutique.
   589 | D:1      | Reached XP level 2. HP: 15/15 MP: 5/8
   823 | D:1      | Found Plog's Distillery.
  1578 | D:2      | Reached XP level 3. HP: 13/19 MP: 1/10
  2344 | D:2      | Learned a level 2 spell: Scorch
  2377 | D:2      | Found Keopt's Armour Emporium.
  2423 | D:2      | You fall into a shaft and drop 2 floors!
  2423 | D:4      | Noticed a killer bee
  2423 | D:4      | Noticed a killer bee
  2424 | D:4      | Noticed a killer bee
  2424 | D:4      | Noticed a killer bee
  2425 | D:4      | Noticed a killer bee
  2426 | D:4      | Noticed a killer bee
  2427 | D:4      | Slain by a killer bee

Illustrated notes

Levels and vault maps discovered:
D:1:      dpeg_arrival_three_same_balls, layout_loops_cross, serial_shops, shop,
          shop
D:2:      layout_loops_cross, shapermc_ecumenical_altar_hornbeckon,
          serial_shops, nicolae_shop_hallway_stairs, chequers_mini_garden,
          chequers_serial_rivers_micro_b, kennysheep_jessica_study
D:4:      layout_cave_pools, uniq_crazy_yiuf_cottage

Skill      XL: |  1  2  3 |
---------------+----------+-----
Conjurations   | 2 |  2.5
Spellcasting   | 4 |  4.1
Fire Magic     | 4 |  4.0
Dodging        | |  2.4
Stealth        | |  2.4

Action                   || total
-------------------------++-------
 Cast: Foxfire           ||    86
Armor: Robe              ||     9
Dodge: Dodged            ||    39
